 Dungeon Crawl Stone Soup version 0.28-a0-793-g31680bbd8b (webtiles) character file.

Game seed: 18300541100725621586

9333 senseless the Fighter (level 11, -1/108 HPs)
             Began as a Minotaur Fighter on Nov 4, 2021.
             Was an Elder of the Shining One.
             Slain by a wolf spider simulacrum (22 damage)
             ... on level 11 of the Dungeon.
             The game lasted 00:23:00 (9693 turns).

senseless the Fighter (Minotaur Fighter)            Turns: 9693, Time: 00:23:00

Health: -1/108     AC: 19    Str: 23    XL:     11   Next: 21%
Magic:  19/19      EV:  7    Int: 11    God:    the Shining One [****..]
Gold:   1737       SH: 12    Dex: 11    Spells: 10/10 levels left

rFire   . . .      SeeInvis .   n - +8 rapier of Isemoc {vorpal, Contam rN++}
rCold   . . .      Faith    .   g - +3 buckler
rNeg    + + +      Spirit   .   l - +0 plate armour
rPois   +          Reflect  +   (helmet restricted)
rElec   +          Harm     .   D - +1 cloak "Neasad" {rElec rPois rN+ MP+9}
rCorr   .          Rampage  .   (no gloves)
Will    .....                   F - +1 pair of boots
Stlth   ..........              H - amulet of reflection
HPRegen 0.28/turn               t - ring of positive energy
MPRegen 0.16/turn               v - +6 ring of intelligence

@: glowing
A: horns 2, retaliatory headbutt
a: Renounce Religion, Divine Shield, Cleansing Flame


You were on level 11 of the Dungeon.
You worshipped the Shining One.
The Shining One was greatly pleased with you.
You visited 1 branch of the dungeon, and saw 11 of its levels.

You collected 1737 gold pieces.

Inventory:

Hand Weapons
 c - a +6 morningstar of freezing
 j - a +4 war axe
 n - the +8 rapier of Isemoc (weapon) {vorpal, Contam rN++}
   (You found it on level 4 of the Dungeon)

   It inflicts extra damage upon your enemies.
   rN:        It greatly protects you from negative energy.
   Contam:    It causes magical contamination when unequipped.
 p - a +0 mace of protection
Missiles
 J - 5 javelins
Armour
 g - a +3 buckler (worn)
 k - the +1 scale mail of Proximity {rElec rC- Will+ Str+2}
   (You found it on level 7 of the Dungeon)

   Str:       It affects your strength (+2).
   rC:        It makes you vulnerable to cold.
   rElec:     It insulates you from electricity.
   Will:      It increases your willpower.
 l - a +0 plate armour (worn)
 y - the +0 leather armour of Ethereal Curiosity {Contam rN+++ Str+4 Dex+4}
   (You found it on level 5 of the Dungeon)

   Str:       It affects your strength (+4).
   Dex:       It affects your dexterity (+4).
   rN:        It renders you almost immune to negative energy.
   Contam:    It causes magical contamination when unequipped.
 D - the +1 cloak "Neasad" (worn) {rElec rPois rN+ MP+9}
   (You acquired it on level 9 of the Dungeon)

   rElec:     It insulates you from electricity.
   rPois:     It protects you from poison.
   rN:        It protects you from negative energy.
   MP:        It affects your magic capacity (+9).
 F - a +1 pair of boots (worn)
Jewellery
 a - a ring of ice
 t - a ring of positive energy (left hand)
 v - a +6 ring of intelligence (right hand)
 E - a ring of fire
 H - an amulet of reflection (around neck)
Wands
 r - a wand of iceblast (5)
 w - a wand of flame (30) (quivered)
 z - a wand of paralysis (18)
 C - a wand of mindburst (9)
Scrolls
 h - 2 scrolls of blinking
 q - 5 scrolls of teleportation
 A - 2 scrolls of fear
 G - a scroll of enchant weapon {unknown}
 I - a scroll of silence
 K - a scroll of immolation {unknown}
Potions
 b - a potion of attraction
 d - a potion of might
 e - 2 potions of invisibility
 f - 4 potions of heal wounds
 i - 3 potions of resistance
 m - 3 potions of haste {unknown}
 o - a potion of magic {unknown}
 s - 2 potions of flight
 u - 3 potions of curing {unknown}
 x - a potion of lignification {unknown}
 B - a potion of degeneration {unknown}


   Skills:
 * Level 13.8 Fighting
 * Level 11.4 Short Blades
 - Level 4.1 Axes
 + Level 10.3 Armour
 - Level 4.0 Shields


You had 10 spell levels left.
You didn't know any spells.
Your spell library contained the following spells:

 Spells                   Type           Power      Damage    Failure   Level
 Ozocubu's Armour         Ice            0%         N/A       100%        3
 Ozocubu's Refrigeration  Ice            0%         4d5       100%        7


Dungeon Overview and Level Annotations

Branches:
Dungeon (11/15)            Temple (0/1) D:6
   Lair: D:8-11         Orc: D:9-12

Altars:
Cheibriados
Dithmenos
Hepliaklqana
Makhleb
Nemelex Xobeh
Okawaru
Qazlal
Ru
Vehumet
The Shining One


Innate Abilities, Weirdness & Mutations

You have a pair of horns on your head.
You reflexively headbutt those who attack you in melee.


Message History

The kobold brigand is severely wounded.
You closely miss the kobold brigand.
Your headbutt misses the kobold brigand.
The kobold brigand is severely wounded.
You block the wolf spider simulacrum's attack. x2
The kobold hits you but does no damage.
The kobold brigand hits you but does no damage.
You puncture the kobold brigand!
You kill the kobold brigand!
You block the wolf spider simulacrum's attack.
The wolf spider simulacrum bites you but does no damage.
The two-headed ogre hits you with a +0 giant club! x2
You block the kobold's attack. The kobold hits you but does no damage.
You hit the two-headed ogre but do no damage.
The kobold hits you but does no damage.
You block the wolf spider simulacrum's attack.
The wolf spider simulacrum bites you but does no damage.
You hit the two-headed ogre.
The two-headed ogre is lightly wounded.
You block the kobold's attack. The kobold closely misses you. x2
The two-headed ogre hits you with a +0 giant club!
The two-headed ogre barely misses you.
You impale the two-headed ogre!! You headbutt the two-headed ogre!
The two-headed ogre is severely wounded.
The wolf spider simulacrum hits you but does no damage.
The wolf spider simulacrum bites you. The wolf spider simulacrum freezes you!
The kobold closely misses you. You furiously retaliate!
You headbutt the kobold.
You kill the kobold!
Things that are here:
a +0 whip; 8 poisoned darts You hit the kobold.
You kill the kobold!
The wolf spider simulacrum hits you.
The wolf spider simulacrum freezes you!!
* * * LOW HITPOINT WARNING * * *
The wolf spider simulacrum bites you.
* * * LOW HITPOINT WARNING * * *
The wolf spider simulacrum freezes you!!
You die...

........... ..
........... ..#
.........##..#
#...........####
#..............
#....#..#....#
..##...)#O.#....#
.......)ZK......#
.##...@#)......#####
........$....<......#
#.##.#..##.....######
# ##.##.#...#
#.####...# ... ...##
... ##.## ... ..# ##


You could see a two-headed ogre, a wolf spider simulacrum and a kobold.

Vanquished Creatures
  2 two-headed ogres (D:10)
  A cyclops (D:8)
  A komodo dragon (D:10)
  A troll (D:10)
  A shadow (D:10)
  3 yaks (D:5)
  A vampire (D:10)
  2 wyverns
  2 wraiths
  A steam dragon (D:9)
  Menkaure (D:6)
  8 vampire mosquitoes
  2 acid dragons
  2 orc warriors
  A sky beast (D:4)
  A black bear (D:5)
  2 necrophages (D:7)
  2 ogres (D:6)
  3 phantoms
  2 centaurs
  5 kobold brigands
  A gnoll sergeant (D:10)
  4 bullfrogs
  2 scorpions (D:5)
  2 water moccasin zombies
  2 water moccasin skeletons (D:5)
  6 killer bees (D:9)
  10 wights (D:8)
  7 howler monkeys
  5 centaur zombies
  4 orc priests
  4 hounds
  Jessica (D:2)
  4 iguanas
  7 orc wizards
  A killer bee zombie (D:7)
  A hound skeleton (D:4)
  A mummy (D:7)
  2 howler monkey zombies
  4 gnolls (D:4)
  6 adders
  A white imp (D:8)
  3 ufetubi
  An adder skeleton (D:4)
  A worm (D:2)
  2 dart slugs (D:1)
  17 orcs
  10 ball pythons
  2 endoplasms
  5 giant cockroaches
  7 goblins
  7 hobgoblins
  2 jackals (D:3)
  33 kobolds
  2 quokkas
  6 bats
  A frilled lizard (D:1)
  10 rats
228 creatures vanquished.

Vanquished Creatures (others)
  17 plants
  5 withered plants (D:3)
22 creatures vanquished.

Grand Total: 250 creatures vanquished

Notes
Turn   | Place    | Note
-------+----------+-------------------------------------------
     0 | D:1      | senseless the Minotaur Fighter began the quest for the Orb.
     0 | D:1      | Reached XP level 1. HP: 19/19 MP: 0/0
   113 | D:1      | Reached XP level 2. HP: 23/27 MP: 1/1
   249 | D:1      | Reached skill level 4 in Fighting
   557 | D:1      | Reached XP level 3. HP: 30/33 MP: 2/2
  1182 | D:2      | Noticed Jessica
  1183 | D:2      | Killed Jessica
  1201 | D:2      | Reached XP level 4. HP: 41/41 MP: 3/3
  1815 | D:3      | Reached skill level 5 in Fighting
  1991 | D:3      | Reached XP level 5. HP: 42/48 MP: 4/4
  2125 | D:3      | Found a faded altar of an unknown god.
  2313 | D:3      | Reached skill level 6 in Fighting
  2589 | D:4      | Identified the +8 rapier of Isemoc {vorpal, Contam rN++}
  2642 | D:4      | Reached skill level 5 in Armour
  2713 | D:4      | Reached XP level 6. HP: 57/57 MP: 5/5
  2764 | D:4      | Reached skill level 1 in Short Blades
  3055 | D:4      | Found a radiant altar of Vehumet.
  3057 | D:4      | Found a burning altar of Makhleb.
  3057 | D:4      | Found a glowing golden altar of the Shining One.
  3061 | D:4      | Found a sacrificial altar of Ru.
  3288 | D:4      | Noticed a sky beast
  3294 | D:4      | Killed a sky beast
  3373 | D:4      | Became a worshipper of the Shining One
  3574 | D:4      | Reached skill level 7 in Fighting
  3574 | D:4      | Reached XP level 7. HP: 63/66 MP: 6/6
  3730 | D:4      | Found an iron altar of Okawaru.
  3730 | D:4      | Found a stormy altar of Qazlal.
  3800 | D:5      | Entered Level 5 of the Dungeon
  4004 | D:5      | Noticed a yak
  4005 | D:5      | Noticed a yak
  4012 | D:5      | Killed a yak
  4013 | D:5      | Reached skill level 8 in Fighting
  4015 | D:5      | Killed a yak
  4016 | D:5      | Reached XP level 8. HP: 51/74 MP: 7/7
  4146 | D:5      | Reached skill level 5 in Short Blades
  4174 | D:5      | Identified the +0 leather armour of Ethereal Curiosity
                  | {Contam rN+++ Str+4 Dex+4}
  4333 | D:5      | Reached skill level 9 in Fighting
  4453 | D:5      | Found a hazy altar of Hepliaklqana.
  4851 | D:6      | Reached * piety under the Shining One
  4883 | D:6      | Reached XP level 9. HP: 56/85 MP: 8/8
  5077 | D:6      | Noticed Menkaure
  5082 | D:6      | Killed Menkaure
  5083 | D:6      | Reached skill level 10 in Fighting
  5282 | D:6      | Found a staircase to the Ecumenical Temple.
  5953 | D:7      | Identified a scroll of acquirement
  5953 | D:7      | Acquired 1079 gold pieces
  5961 | D:7      | Reached ** piety under the Shining One
  6072 | D:7      | Identified the +1 scale mail of Proximity {rElec rC- Will+
                  | Str+2}
  6112 | D:7      | Found a snail-covered altar of Cheibriados.
  6380 | D:7      | Reached skill level 11 in Fighting
  6779 | D:8      | Noticed a cyclops
  6781 | D:8      | Reached *** piety under the Shining One
  6800 | D:8      | Killed a cyclops
  6801 | D:8      | Reached XP level 10. HP: 96/96 MP: 9/9
  6897 | D:8      | Reached skill level 12 in Fighting
  7421 | D:9      | Reached skill level 10 in Short Blades
  8169 | D:9      | Acquired the +1 cloak "Neasad" {rElec rPois rN+ MP+9}
  8177 | D:10     | Entered Level 10 of the Dungeon
  8177 | D:10     | Found a sparkling altar of Nemelex Xobeh.
  8438 | D:10     | Reached skill level 13 in Fighting
  8514 | D:10     | Reached **** piety under the Shining One
  8650 | D:10     | Reached skill level 10 in Armour
  8652 | D:10     | Noticed a two-headed ogre
  8668 | D:10     | Killed a two-headed ogre
  8669 | D:10     | Reached XP level 11. HP: 51/107 MP: 10/10
  9147 | D:10     | Noticed a two-headed ogre
  9155 | D:10     | Killed a two-headed ogre
  9504 | D:10     | Found a shadowy altar of Dithmenos.
  9680 | D:11     | Noticed a two-headed ogre
  9693 | D:11     | Slain by a wolf spider simulacrum

Illustrated notes

Levels and vault maps discovered:
D:1:      ebering_hopf_link, layout_loops_cross, minmay_tetromino_t2
D:2:      layout_loops_corners, corexii_hall_statues_t, kennysheep_another_room,
          eino_tiny_chamber, uniq_jessica
D:3:      layout_loops_ring, ebering_ecumenical_altar_petrified,
          minmay_misc_feat_plants
D:4:      layout_gridville, minitemple, amethyst_overflow_temple_binary,
          minmay_puff
D:5:      layout_rooms, mainiacjoe_overflow_brackets, minmay_between
D:6:      layout_loops_ring, minmay_temple_entry_gardened_gates,
          lexackson_kobold_supper, uniq_menkaure
D:7:      layout_loops_ring, nicolae_overflow_crystal_walls, serial_undead,
          serial_undead_c, serial_undead_a, serial_undead_a, serial_undead_e
D:8:      minmay_spotlight, layout_cave_pools
D:9:      layout_rooms
D:10:     layout_basic, mainiacjoe_overflow_alcove_1,
          nemelex_xobeh_ov_fountains_minmay, minmay_misc_feat_columns,
          st_stairs_5
D:11:     layout_basic, lair_entry_dummy, minivault_21, uniq_fannar

Skill      XL: |  1  2  3  4  5  6  7  8  9 10 |
---------------+-------------------------------+-----
Fighting       | 4 5 6 7 8 9 11 13 | 13.8
Shields        | 4 |  4.0
Armour         | 4 5 6 7 8 10 | 10.3
Axes           | 3 4 |  4.1
Short Blades   | 2 4 6 9 11 | 11.4

Action                   |  1- 3 |  4- 6 |  7- 9 | 10-12 || total
-------------------------+-------+-------+-------+-------++-------
Melee: War axe           |    60 |    73 |       |       ||   133
       Headbutt          |     3 |    15 |    26 |    33 ||    77
       Rapier            |       |    53 |   168 |   198 ||   419
  Use: Scroll            |       |       |    14 |     2 ||    16
Armor: Scale mail        |    26 |     3 |       |       ||    29
       Plate armour      |       |    89 |    67 |    89 ||   245
Dodge: Dodged            |    23 |    23 |    40 |    35 ||   121
Block: Buckler           |    16 |    42 |    43 |    71 ||   172

Table legend: (Time is in decaauts)
 A = Elapsed time spent in this place.
 B = Non-inter-level travel time spent in this place.
 C = Inter-level travel time spent in this place.
 D = Time resting spent in this place.
 E = Time spent auto-exploring this place.
 F = Levels seen in this place.
 G = Mean time per level.
                   A        B        C        D        E       F      G
               +--------+--------+--------+--------+--------+-----+--------+
         Total |   9657 |   9357 |    300 |    207 |   7807 |  11 |  877.9 |
       Dungeon |   9657 |   9357 |    300 |    207 |   7807 |  11 |  877.9 |
               +--------+--------+--------+--------+--------+-----+--------+

Top non-repeatable levels by time:
    D:10: 1472 daAuts
     D:6: 1314 daAuts
     D:4: 1237 daAuts
     D:2: 1055 daAuts
     D:9: 885 daAuts
     D:3: 809 daAuts
     D:5: 807 daAuts
     D:7: 760 daAuts
     D:1: 748 daAuts
     D:8: 552 daAuts
    D:11: 13 daAuts
